 Dungeon Crawl Stone Soup version 0.30-a0-778-g2ef04afb54 (webtiles) character file.

Game seed: 11249764588097903174

90 cheesebisquit the Chopper (level 4, -2/41 HPs)
             Began as a Hill Orc Monk on Feb 15, 2023.
             Slain by a gnoll
             ... wielding a +0 club
              (6 damage)
             ... on level 3 of the Dungeon.
             The game lasted 00:05:50 (1692 turns).

cheesebisquit the Chopper (Hill Orc Monk)           Turns: 1692, Time: 00:05:51

Health: -2/41      AC:  5    Str: 15    XL:     4   Next: 56%
Magic:  4/4        EV: 16    Int: 10    God:
Gold:   71         SH:  0    Dex: 19    Spells: 3/3 levels left

rFire   . . .      SeeInvis .    a - +0 hand axe
rCold   . . .      Faith    .    (no shield)
rNeg    . . .      Spirit   .    g - +0 ring mail
rPois   .          Reflect  .    (no helmet)
rElec   .          Harm     .    (no cloak)
rCorr   .          Rampage  .    (no gloves)
Will    .....                    (no boots)
Stlth   +                        (no amulet)
HPRegen 0.26/turn                i - +5 ring of evasion
MPRegen 0.09/turn                p - +6 ring of dexterity

@: no status effects
A: no striking features
a: no special abilities


You were on level 3 of the Dungeon.
You visited 1 branch of the dungeon, and saw 3 of its levels.

You collected 71 gold pieces.

Inventory:

Hand Weapons
 a - a +0 hand axe (weapon)
Missiles
 o - 4 silver boomerangs (quivered)
Armour
 b - a +0 robe
 g - a +0 ring mail (worn)
Jewellery
 i - a +5 ring of evasion (left hand)
 p - a +6 ring of dexterity (right hand)
Scrolls
 d - a scroll of enchant weapon {unknown}
 e - 3 scrolls of identify {unknown}
 h - a scroll of noise {unknown}
 n - a scroll of teleportation {unknown}
Potions
 c - 2 potions of ambrosia
 f - a potion of flight {unknown}
 j - a potion of degeneration {unknown}
 k - a potion of lignification {unknown}
 l - 3 potions of curing {unknown}
 m - 2 potions of attraction {unknown}


   Skills:
 + Level 4.4 Fighting
 * Level 5.5 Axes
 + Level 1.9 Armour
 - Level 2.4 Dodging
 - Level 1.6 Stealth


You had 3 spell levels left.
You didn't know any spells.
Your spell library contained the following spells:

 Spells                   Type           Power      Damage    Failure   Level
 Ensorcelled Hibernation  Hex/Ice        0%         N/A       73%         2
 Spider Form              Tmut/Pois      0%         N/A       91%         3
 Anguish                  Hex/Necr       0%         N/A       100%        4


Dungeon Overview and Level Annotations

Branches:
Dungeon (3/15)

Altars:

Shops:
D:2 :


Message History

You kill the worm!
You hit the gnoll. You hit the gnoll but do no damage.
The gnoll hits you with a +0 flail. The gnoll closely misses you.
Sorry, you're not good enough to have a special ability.
You closely miss the gnoll. You hit the gnoll. The gnoll closely misses you.
The gnoll hits you with a +0 whip.
You hit the gnoll but do no damage. x3; The gnoll barely misses you.
The gnoll closely misses you. The gnoll hits you with a +0 club.
You barely miss the gnoll. You hit the gnoll. x2
A bat comes into view.
The gnoll barely misses you. The gnoll hits you with a +0 flail.
The gnoll hits you with a +0 whip.
You hit the gnoll.
The gnoll is moderately wounded.
You hit the gnoll. You hit the gnoll but do no damage.
A hobgoblin comes into view.
The gnoll hits you with a +0 flail. The gnoll misses you.
The hobgoblin shouts!
You hit the gnoll.
The gnoll is heavily wounded.
You closely miss the gnoll. You barely miss the gnoll. You hit the gnoll.
You kill the gnoll!
The gnoll misses you. The gnoll hits you with a +0 club. x2
You hit the gnoll.
You kill the gnoll!
You hit the bat.
You kill the bat!
You closely miss the gnoll. You hit the gnoll.
The gnoll hits you with a +0 club. The gnoll hits you with a +0 flail!
* * * LOW HITPOINT WARNING * * *
You barely miss the gnoll. You hit the gnoll.
The gnoll hits you with a +0 flail.
* * * LOW HITPOINT WARNING * * *
The gnoll completely misses you. The gnoll completely misses you.
The gnoll attacks as you move away! The gnoll barely misses you.
The gnoll attacks as you move away! The gnoll hits you but does no damage.
There is a stone staircase leading up here.
The gnoll barely misses you. The gnoll hits you with a +0 club.
You die...

...
...
#..
##.##
#...#
#.)†#
#)g.#
#.gg#
#.@.#
#...#
#.#..#
#. #.#
#. .#
#< [.
#. #..
#. #.#


You could see 2 gnolls and a hobgoblin.

Vanquished Creatures
  2 adders (D:2)
  2 gnolls (D:3)
  3 worms
  A dart slug (D:2)
  5 ball pythons
  5 bats
  3 endoplasms
  2 hobgoblins (D:1)
  3 jackals (D:1)
  A quokka (D:2)
  2 frilled lizards (D:1)
  7 goblins
  3 kobolds
  3 rats
42 creatures vanquished.

Vanquished Creatures (others)
  4 fungi (D:1)
  4 plants (D:1)
8 creatures vanquished.

Grand Total: 50 creatures vanquished

Notes
Turn   | Place    | Note
-------+----------+-------------------------------------------
     0 | D:1      | cheesebisquit the Hill Orc Monk began the quest for the
                  | Orb.
     0 | D:1      | Reached XP level 1. HP: 19/19 MP: 1/1
   276 | D:1      | Reached XP level 2. HP: 27/27 MP: 2/2
   338 | D:1      | Found a faded altar of an unknown god.
   782 | D:1      | Reached skill level 1 in Armour
   893 | D:2      | Reached XP level 3. HP: 33/33 MP: 3/3
   958 | D:2      | Reached skill level 5 in Axes
  1249 | D:2      | Reached XP level 4. HP: 37/40 MP: 4/4
  1391 | D:2      | Found Waos's Book Shop.
  1692 | D:3      | Slain by a gnoll

Illustrated notes

Levels and vault maps discovered:
D:1:      dpeg_arrival_tiny_c, layout_basic,
          shapermc_ecumenical_altar_mp_urbaneastern
D:2:      layout_basic, serial_shops, shop
D:3:      layout_rooms, overflow_temple_1_default, uniq_terence

Skill      XL: |  1  2  3 |
---------------+----------+-----
Fighting       | 4 |  4.4
Armour         | 1 |  1.9
Axes           | 5 |  5.5
Dodging        | |  2.4
Stealth        | |  1.6

Action                     |  1- 3 |  4- 6 || total
---------------------------+-------+-------++-------
  Melee: Hand axe          |   110 |    24 ||   134
         Punch             |     2 |     2 ||     4
   Stab: Sleeping          |     1 |       ||     1
 Armour: Robe              |     2 |       ||     2
         Ring mail         |    19 |     1 ||    20
  Dodge: Dodged            |    85 |    16 ||   101

Table legend: (Time is in decaauts)
 A = Elapsed time spent in this place.
 B = Non-inter-level travel time spent in this place.
 C = Inter-level travel time spent in this place.
 D = Time resting spent in this place.
 E = Time spent auto-exploring this place.
 F = Levels seen in this place.
 G = Mean time per level.
                   A        B        C        D        E       F      G
               +--------+--------+--------+--------+--------+-----+--------+
         Total |   1698 |   1641 |     57 |      0 |   1299 |   3 |  566.0 |
       Dungeon |   1698 |   1641 |     57 |      0 |   1299 |   3 |  566.0 |
               +--------+--------+--------+--------+--------+-----+--------+

Top non-repeatable levels by time:
     D:1: 890 daAuts
     D:2: 787 daAuts
     D:3: 20 daAuts
